 Dungeon Crawl Stone Soup version 0.29.0-13-gc9e81de378 (webtiles) character file.

Game seed: 12079173694357915783

380 ILmort the Skirmisher (level 6, 0/51 HPs)
             Began as a Gnoll Hunter on Sept 10, 2022.
             Slain by a wraith (8 damage)
             ... in an ossuary.
             The game lasted 00:10:11 (5388 turns).

ILmort the Skirmisher (Gnoll Hunter)                Turns: 5388, Time: 00:10:11

Health: 0/51       AC:  5    Str: 11    XL:     6   Next: 75%
Magic:  9/9        EV: 14    Int:  8    God:
Gold:   180        SH:  0    Dex: 17    Spells: 9/9 levels left

rFire   . . .      SeeInvis .   b - +2 dagger (venom)
rCold   . . .      Faith    .   (no shield)
rNeg    . . .      Spirit   .   c - +0 leather armour
rPois   .          Reflect  .   (no helmet)
rElec   .          Harm     .   d - scarf {shadows}
rCorr   +          Rampage  .   o - +0 pair of gloves
Will    .....                   v - +0 pair of boots
Stlth   ++........              (no amulet)
HPRegen 0.17/turn               x - ring of resist corrosion
MPRegen 0.11/turn               (no ring)

@: about to teleport, slowed, very slow
A: fangs 1, strong nose, distributed training
a: no special abilities


You were in an ossuary.
You visited 1 branch of the dungeon, and saw 5 of its levels.
You also visited: Ossuary.

You collected 180 gold pieces.

Inventory:

Hand Weapons
 a - a +0 shortbow
 b - a +2 dagger of venom (weapon)
 s - a +0 dagger
Missiles
 q - 14 poisoned darts
Armour
 c - a +0 leather armour (worn)
 d - a scarf of shadows (worn)
 o - a +0 pair of gloves (worn)
 v - a +0 pair of boots (worn)
Jewellery
 x - a ring of resist corrosion (left hand)
Wands
 u - a wand of roots (9)
Scrolls
 f - a scroll of poison {unknown}
 g - a scroll of butterflies {unknown}
 h - 4 scrolls of immolation
 i - 3 scrolls of identify {unknown}
 k - 3 scrolls of teleportation
 l - a scroll of vulnerability {unknown}
 m - a scroll of enchant weapon {unknown}
 n - 2 scrolls of amnesia {unknown}
 w - a scroll of magic mapping {unknown}
 y - a scroll of silence {unknown}
 A - a scroll of acquirement {unknown}
Potions
 e - a potion of invisibility {unknown}
 j - a potion of degeneration {unknown}
 p - a potion of mutation {unknown}
 r - a potion of berserk rage {unknown}
 t - a potion of heal wounds {unknown}
 z - a potion of curing {unknown}


   Skills:
 + Level 5.1 Fighting
 + Level 2.2 Short Blades
 + Level 2.2 Long Blades
 + Level 2.2 Axes
 + Level 2.2 Maces & Flails
 + Level 2.2 Polearms
 + Level 2.2 Staves
 + Level 8.8 Ranged Weapons
 + Level 2.2 Throwing
 + Level 2.2 Armour
 + Level 5.1 Dodging
 + Level 3.2 Stealth
 + Level 2.2 Shields
 + Level 2.2 Unarmed Combat
 + Level 2.2 Spellcasting
 + Level 1.7 Conjurations
 + Level 1.7 Hexes
 + Level 1.7 Summonings
 + Level 1.7 Necromancy
 + Level 1.7 Translocations
 + Level 1.7 Transmutations
 + Level 1.7 Fire Magic
 + Level 1.7 Ice Magic
 + Level 1.7 Air Magic
 + Level 1.7 Earth Magic
 + Level 1.7 Poison Magic
 + Level 2.4 Invocations
 + Level 2.2 Evocations


You had 9 spell levels left.
You didn't know any spells.
Your spell library contained the following spells:

 Spells                   Type           Power      Damage    Failure   Level
 Necrotise                Necr           12%        1d4       22%         1
 Shock                    Conj/Air       12%        1d3       22%         1
 Swiftness                Air            3%         N/A       56%         3
 Vampiric Draining        Necr           3%         2d6       56%         3
 Airstrike                Air            1%         2d(1-17)  92%         4
 Agony                    Necr           3%         N/A       99%         5


Dungeon Overview and Level Annotations

Branches:
Dungeon (5/15)            Ossuary (1/1)
 Temple: D:4-7

Altars:
Gozag
Xom


Innate Abilities, Weirdness & Mutations

You have very sharp teeth.
Your uncanny sense of smell can sniff out nearby items.
Your experience applies equally to all skills.


Message History

You shoot an arrow. The arrow hits the wraith.
Your +2 dagger of venom begins to drip with poison!
b - a +2 dagger of venom (weapon)
You hit the wraith. The wraith barely misses you.
You hit the wraith. The wraith hits you. The wraith drains your vigour!
You feel yourself slow down.
You hit the wraith but do no damage. The wraith barely misses you.
You closely miss the wraith. The wraith hits you but does no damage.
You barely miss the wraith. The wraith completely misses you.
The wraith barely misses you.
You hit the wraith but do no damage. The wraith hits you.
The wraith drains your vigour!
You feel as though you will be slow longer.
You hit the wraith but do no damage. You bite the wraith.
The wraith misses you.
You hit the wraith but do no damage. You bite the wraith, but do no damage.
The wraith hits you. The wraith hits you but does no damage.
You hit the wraith but do no damage. You bite the wraith, but do no damage.
The wraith hits you but does no damage.
You barely miss the wraith. You punch the wraith.
You bite the wraith, but do no damage. The wraith hits you!
You hit the wraith. The wraith hits you! The wraith drains your vigour!
You feel as though you will be slow longer.
The wraith barely misses you.
You hit the wraith. The wraith hits you!
You hit the wraith but do no damage. The wraith hits you.
* * * LOW HITPOINT WARNING * * *
The wraith drains your vigour!
You feel as though you will be slow longer.
You hit the wraith but do no damage. The wraith closely misses you.
The wraith barely misses you.
As you read the scroll labelled BOIVEASEDA, it crumbles to dust.
You feel strangely unstable.
It was a scroll of teleportation.
The wraith hits you but does no damage. The wraith hits you.
* * * LOW HITPOINT WARNING * * *
The wraith drains your vigour!
You feel as though you will be slow longer.
The wraith hits you!
You die...

.## .##### ..##
##...##...##
#.!!..##...# .
.!??!!.'...+ ..
#..!?.##...#
...##...##...#
#...#####W..##
.. #......@..##
...#####'#####.
...............
...............
#######'''#####
####...#
#..'...+∆∆
#..#...#∆
####...#


You could see a wraith.

Vanquished Creatures
  A scorpion (D:4)
  A necrophage (D:4)
  Jessica (D:2)
  An iguana (D:4)
  An orc wizard (D:3)
  2 mummies
  3 gnolls (D:4)
  4 adders
  2 worms
  A dart slug (D:1)
  5 orcs
  2 bat zombies (D:2)
  3 endoplasms
  4 giant cockroaches
  7 goblins
  5 hobgoblins
  A jackal (D:4)
  8 kobolds
  4 quokkas
  12 ball pythons
  A ball python skeleton (D:2)
  4 bats
  2 frilled lizards (D:3)
  2 gnoll skeletons (Ossuary)
  A kobold skeleton (Ossuary)
  2 kobold zombies (D:5)
  6 orc skeletons (Ossuary)
  3 rats
89 creatures vanquished.

Vanquished Creatures (others)
  A goblin (D:3)
  2 hobgoblins (D:3)
  A withered plant (D:2)
4 creatures vanquished.

Grand Total: 93 creatures vanquished

Notes
Turn   | Place    | Note
-------+----------+-------------------------------------------
     0 | D:1      | ILmort the Gnoll Hunter began the quest for the Orb.
     0 | D:1      | Reached XP level 1. HP: 20/20 MP: 1/1
   146 | D:1      | Reached XP level 2. HP: 24/26 MP: 2/2
   383 | D:1      | Found a faded altar of an unknown god.
  1429 | D:2      | Reached XP level 3. HP: 31/31 MP: 3/3
  1516 | D:2      | Noticed Jessica
  1921 | D:2      | Reached skill level 1 in Invocations
  2447 | D:2      | Killed Jessica
  2448 | D:2      | Reached skill level 1 in Short Blades
  2448 | D:2      | Reached skill level 1 in Long Blades
  2448 | D:2      | Reached skill level 1 in Axes
  2448 | D:2      | Reached skill level 1 in Maces & Flails
  2448 | D:2      | Reached skill level 1 in Polearms
  2448 | D:2      | Reached skill level 1 in Staves
  2448 | D:2      | Reached skill level 1 in Throwing
  2448 | D:2      | Reached skill level 1 in Armour
  2448 | D:2      | Reached skill level 1 in Shields
  2448 | D:2      | Reached skill level 1 in Unarmed Combat
  2448 | D:2      | Reached skill level 1 in Spellcasting
  2448 | D:2      | Reached skill level 1 in Evocations
  2448 | D:2      | Reached XP level 4. HP: 25/38 MP: 5/5
  2590 | D:3      | Reached skill level 1 in Conjurations
  2590 | D:3      | Reached skill level 1 in Hexes
  2590 | D:3      | Reached skill level 1 in Summonings
  2590 | D:3      | Reached skill level 1 in Necromancy
  2590 | D:3      | Reached skill level 1 in Translocations
  2590 | D:3      | Reached skill level 1 in Transmutations
  2590 | D:3      | Reached skill level 1 in Fire Magic
  2590 | D:3      | Reached skill level 1 in Ice Magic
  2590 | D:3      | Reached skill level 1 in Air Magic
  2590 | D:3      | Reached skill level 1 in Earth Magic
  2590 | D:3      | Reached skill level 1 in Poison Magic
  2955 | D:3      | Found an opulent altar of Gozag.
  3120 | D:3      | Reached XP level 5. HP: 43/43 MP: 7/7
  3126 | D:3      | Found a shimmering altar of Xom.
  3864 | D:4      | Reached skill level 5 in Fighting
  3864 | D:4      | Reached skill level 5 in Dodging
  3864 | D:4      | Reached XP level 6. HP: 10/51 MP: 8/8
  5053 | D:5      | Entered Level 5 of the Dungeon
  5087 | D:5      | Found a sand-covered staircase.
  5298 | Ossuary  | Entered an ossuary
  5298 | Ossuary  | Noticed a wraith
  5298 | Ossuary  | Noticed a wraith
  5364 | Ossuary  | Noticed a wraith
  5388 | Ossuary  | Slain by a wraith

Illustrated notes

Levels and vault maps discovered:
D:1:      sevenhm_arrival_forest_fort_large_4, layout_basic,
          shapermc_ecumenical_altar_mp_highgroup, bh_walls_and_bars
D:2:      layout_loops_ring, serial_undead, serial_undead_a, serial_undead_f,
          serial_undead_a, serial_undead_f, uniq_jessica
D:3:      layout_loops_cross, xom_confusion_cloud, mainiacjoe_overflow_24_doors
D:4:      minmay_diamond_boxcup, layout_cave_pools, minmay_crystal_room
D:5:      layout_basic, serial_shops, shop, nicolae_ossuary_entry_giza,
          nicolae_shop_self_help
Ossuary:  ossuary_due_mausoleum

Skill      XL: |  1  2  3  4  5  6 |
---------------+-------------------+-----
Invocations    | 1 2 |  2.4
Short Blades   | 1 2 |  2.2
Long Blades    | 1 2 |  2.2
Axes           | 1 2 |  2.2
Maces & Flails | 1 2 |  2.2
Polearms       | 1 2 |  2.2
Staves         | 1 2 |  2.2
Throwing       | 1 2 |  2.2
Armour         | 1 2 |  2.2
Shields        | 1 2 |  2.2
Unarmed Combat | 1 2 |  2.2
Spellcasting   | 1 2 |  2.2
Evocations     | 1 2 |  2.2
Conjurations   | 1 |  1.7
Hexes          | 1 |  1.7
Summonings     | 1 |  1.7
Necromancy     | 1 |  1.7
Translocations | 1 |  1.7
Transmutations | 1 |  1.7
Fire Magic     | 1 |  1.7
Ice Magic      | 1 |  1.7
Air Magic      | 1 |  1.7
Earth Magic    | 1 |  1.7
Poison Magic   | 1 |  1.7
Fighting       | 5 |  5.1
Dodging        | 5 |  5.1
Stealth        | 3 |  3.2
Ranged Weapons | |  8.8

Action                   |  1- 3 |  4- 6 || total
-------------------------+-------+-------++-------
Melee: Dagger            |    21 |   117 ||   138
       Bite              |     1 |    16 ||    17
       Punch             |       |     5 ||     5
 Fire: Shortbow          |    72 |   126 ||   198
  Use: Scroll            |       |     1 ||     1
 Stab: Sleeping          |       |     3 ||     3
Armor: Leather armour    |    10 |    34 ||    44
Dodge: Dodged            |    37 |    98 ||   135
